 Dungeon Crawl Stone Soup version 0.28.0-53-g5a82cb258f (webtiles) character file.

Game seed: 377870102758060395

88 Zeld the Chopper (level 4, -2/41 HPs)
             Began as a Minotaur Berserker on May 22, 2022.
             Was a Believer of Trog.
             Killed by nerve-wracking pain
             ... invoked by Jessica
              (14 damage)
             ... on level 3 of the Dungeon.
             The game lasted 00:01:42 (1866 turns).

Zeld the Chopper (Minotaur Berserker)               Turns: 1866, Time: 00:01:43

Health: -2/41      AC:  3    Str: 23    XL:     4   Next: 30%
Magic:  3/3        EV: 12    Int:  4    God:    Trog [**....]
Gold:   58         SH:  0    Dex: 10    Spells: 3/3 levels left

rFire   . . .      SeeInvis .   a - +0 hand axe
rCold   . . .      Faith    .   (no shield)
rNeg    . . .      Spirit   .   b - +0 animal skin
rPois   .          Reflect  .   (helmet restricted)
rElec   .          Harm     .   (no cloak)
rCorr   .          Rampage  .   g - +0 pair of gloves
Will    .....                   (no boots)
Stlth   +.........              (no amulet)
HPRegen 0.13/turn               (no ring)
MPRegen 0.08/turn               (no ring)

@: slowed, very slow
A: horns 2, retaliatory headbutt
a: Renounce Religion, Berserk, Trog's Hand


You were on level 3 of the Dungeon.
You worshipped Trog.
Trog was pleased with you.
You visited 1 branch of the dungeon, and saw 3 of its levels.

You collected 58 gold pieces.

Inventory:

Hand Weapons
 a - a +0 hand axe (weapon)
Armour
 b - a +0 animal skin (worn)
 g - a +0 pair of gloves (worn)
Scrolls
 c - a scroll of teleportation {unknown}
 e - a scroll of holy word {unknown}
 f - a scroll of identify {unknown}
 h - a scroll of torment {unknown}
 i - a scroll of vulnerability {unknown}
 j - a scroll of amnesia {unknown}
Potions
 d - 2 potions of brilliance
 k - a potion of attraction {unknown}


   Skills:
 * Level 4.6 Fighting
 * Level 4.6 Axes
 + Level 3.1 Armour
 + Level 2.9 Dodging


You had 3 spell levels left.
You didn't know any spells.
Your spell library was empty.

Dungeon Overview and Level Annotations

Branches:
Dungeon (3/15)

Altars:
Ashenzari
Kikubaaqudgha

Annotations:
D:3 Jessica


Innate Abilities, Weirdness & Mutations

You have a pair of horns on your head.
You reflexively headbutt those who attack you in melee.


Message History

Jessica blinks!
You barely miss the hobgoblin. You headbutt the hobgoblin.
You kill the hobgoblin!
Trog accepts your kill.
You barely miss the bat. The bat hits you but does no damage.
The bat barely misses you. The bat hits you but does no damage.
Jessica gestures wildly while chanting.
Jessica blinks!
You see here a giant cockroach corpse.
Unknown command.
You barely miss the bat.
The bat is moderately wounded.
The bat hits you but does no damage. Jessica casts a spell at you.
You feel yourself slow down. The bat misses you. The bat barely misses you.
You see here a +0 short sword.
You hit the bat.
You kill the bat!
Trog accepts your kill.
Jessica casts a spell.
Jessica seems to speed up.
Unknown command.
Jessica points at you and mumbles some strange words.
Pain shoots through your body!
Jessica points at you and mumbles some strange words.
You resist with significant effort.
You see here a bat corpse.
Jessica hits you but does no damage.
You hit Jessica.
Jessica is moderately wounded.
Jessica hits you with a +0 dagger. Jessica barely misses you.
Jessica zaps a wand.
The puff of flame hits you!
* * * LOW HITPOINT WARNING * * *
You are too injured to fight recklessly!
You closely miss Jessica. Your headbutt misses Jessica.
Jessica is moderately wounded.
Jessica gestures at you while chanting. Pain shoots through your body!
You die...

<#+#....##...###.##
...........>.....<.
....##.###.......#
.#.....# #........
..#.######.....#
#...#.........#
#..##.#####.###########
#.............).......#
#...#.#####.††)†@@....#
#...#... #...........#
....#####.#+##..........
#...# ..... ............
...<#...................
#'#....................#
............##.........#
............ ..........#
≈≈≈...#+#..


You could see Jessica (fast, empowered).

Vanquished Creatures
  3 adders (D:2)
  3 dart slugs
  4 orcs (D:3)
  2 ball pythons
  4 bats
  3 endoplasms
  2 giant cockroaches
  4 goblins
  4 hobgoblins
  4 jackals (D:1)
  6 kobolds
  3 quokkas
  4 frilled lizards
  5 rats
51 creatures vanquished.

Notes
Turn   | Place    | Note
-------+----------+-------------------------------------------
     0 | D:1      | Zeld the Minotaur Berserker began the quest for the Orb.
     0 | D:1      | Reached XP level 1. HP: 19/19 MP: 0/0
   189 | D:1      | Reached XP level 2. HP: 21/27 MP: 1/1
   674 | D:1      | Reached XP level 3. HP: 26/33 MP: 2/2
   863 | D:1      | Found a faded altar of an unknown god.
  1349 | D:2      | Reached ** piety under Trog
  1452 | D:2      | Reached XP level 4. HP: 41/41 MP: 3/3
  1817 | D:3      | Found an ancient bone altar of Kikubaaqudgha.
  1819 | D:3      | Found a broken altar of Ashenzari.
  1849 | D:3      | Noticed Jessica
  1866 | D:3      | Killed from afar by Jessica

Illustrated notes

Levels and vault maps discovered:
D:1:      dpeg_arrival_water_fire, layout_basic,
          hellmonk_ecumenical_altar_inner_sanctum, minmay_liquid_box,
          minmay_pentomino_t4
D:2:      layout_basic
D:3:      layout_basic, mainiacjoe_overflow_catwalk_spiral,
          minmay_fractal_squares_gapless_5, uniq_natasha, uniq_jessica

Skill      XL: |  1  2  3 |
---------------+----------+-----
Axes           | 4 |  4.6
Fighting       | 4 |  4.6
Armour         | 3 |  3.1
Dodging        | |  2.9

Action                   |  1- 3 |  4- 6 || total
-------------------------+-------+-------++-------
Melee: Hand axe          |    70 |    21 ||    91
       Headbutt          |    16 |     1 ||    17
 Stab: Sleeping          |     1 |       ||     1
Armor: Animal skin       |    20 |     9 ||    29
Dodge: Dodged            |    61 |    20 ||    81
